 Dungeon Crawl Stone Soup version 0.21.1-1-g345015f (webtiles) character file.

1289 Kandryn the Cudgeler (level 8, -3/118 HPs)
             Began as a Troll Berserker on June 22, 2018.
             Was a Priest of Trog.
             Killed from afar by an electric eel (14 damage)
             ... with a bolt of electricity
             ... on level 6 of the Dungeon.
             The game lasted 00:20:08 (4617 turns).

Kandryn the Cudgeler (Troll Berserker)              Turns: 4617, Time: 00:20:09

Health: -3/118     AC:  5    Str: 33    XL:     8   Next: 30%
Magic:  7/7        EV: 11    Int:  3    God:    Trog [***...]
Gold:   297        SH:  0    Dex:  9    Spells: 7/7 levels left

rFire    . . .     SeeInvis +   a - +0 mace
rCold    . . .     Gourm    +   (no shield)
rNeg     . . .     Faith    .   b - +0 animal skin
rPois    +         Spirit   .   (helmet restricted)
rElec    .         Reflect  .   (no cloak)
rCorr    .         Harm     .   (gloves unavailable)
MR       .....                  (boots unavailable)
Stlth    ..........             (no amulet)
HPRegen  0.69/turn              d - ring of poison resistance
MPRegen  0.10/turn              k - ring of see invisible

@: berserking, very quick
A: large, unfitting armour, claws 3, fast metabolism 3, gourmand, regeneration
1, shaggy fur 1, tough skin 2
a: Berserk, Trog's Hand, Burn Spellbooks, Renounce Religion


You were on level 6 of the Dungeon.
You worshipped Trog.
Trog was most pleased with you.
You were very full.

You visited 1 branch of the dungeon, and saw 6 of its levels.

You collected 297 gold pieces.

Inventory:

Hand Weapons
 a - a +0 mace (weapon)
Armour
 b - a +0 animal skin (worn)
Jewellery
 d - a ring of poison resistance (left claw)
 k - a ring of see invisible (right claw)
 o - an uncursed ring of flight
 p - an uncursed ring of ice
Wands
 j - a wand of acid (12)
 n - a wand of enslavement (13)
Scrolls
 e - 2 scrolls of fear
 g - 5 scrolls of identify
 m - 3 scrolls of remove curse
 s - a scroll of teleportation
Potions
 i - a potion of might
 l - a potion of agility
Books
 f - a book of Necromancy

   Spells                             Type                      Level
   a - Pain                           Necromancy                   1
   b - Animate Skeleton               Necromancy                   1
   c - Vampiric Draining              Necromancy                   3
   d - Regeneration                   Charms/Necromancy            3
   e - Animate Dead                   Necromancy                   4
   f - Borgnjor's Vile Clutch         Necromancy/Earth             5
   Trog disapproves of the use of such an item.
Comestibles
 c - 11 rations
 h - 3 chunks of flesh


   Skills:
 + Level 4.8 Fighting
 + Level 6.6 Maces & Flails
 + Level 5.1 Dodging
 + Level 0.7 Stealth


You had 7 spell levels left.
You didn't know any spells.

Dungeon Overview and Level Annotations

Branches:
Dungeon (6/15)
 Temple: D:4-7

Altars:
Elyvilon
Nemelex Xobeh
Qazlal
Ru
Trog
Wu Jian
Yredelemnul


Innate Abilities, Weirdness & Mutations

You are too large for most types of armour.
You have claws for hands.
Your metabolism is lightning-fast.
You like to eat raw meat.
Your natural rate of healing is unusually fast.
You are covered in fur. (AC +1)
You have very tough skin. (AC +2)


Message History

The bolt of electricity hits you!
* * * LOW HITPOINT WARNING * * *
The bolt of electricity hits you!
* * * LOW HITPOINT WARNING * * *
You hit the electric eel but do no damage.
The electric eel is heavily wounded.
A red film seems to cover your vision as you go berserk!
You feel yourself moving faster!
You feel mighty!
You miss the electric eel.
The electric eel is heavily wounded.
The electric eel shoots out a bolt of lightning at you!
The bolt of electricity misses you. The bolt of electricity hits you!
* * * LOW HITPOINT WARNING * * *
You closely miss the electric eel.
The electric eel is heavily wounded.
You miss the electric eel.
The electric eel is heavily wounded.
The electric eel shoots out a bolt of lightning at you!
The bolt of electricity hits you!
You die...

...
####''##################
≈≈≈....≈≈≈≈≈≈≈≈≈≈≈≈≈≈≈≈≈
≈≈.....≈≈≈≈≈≈≈≈≈≈≈≈≈≈≈≈≈
≈≈.....≈≈≈≈≈≈≈≈≈≈≈≈≈≈≈≈≈
≈≈≈.....≈≈...≈≈≈;≈≈≈≈.≈≈
................@.......
...)....................
.(.#######.#............
(..####.........#.......
...##....#....#.#....<..
.....#..#....#.##.......
...#............?.......
......#.......)#........
.....##......#..........


You could see an electric eel.

Vanquished Creatures
  A sky beast (D:6)
  A centaur (D:5)
  4 ogres
  A big kobold (D:4)
  A scorpion (D:5)
  A howler monkey (D:5)
  A bullfrog zombie (D:6)
  2 crimson imps
  2 hounds
  2 centaur skeletons
  An orc priest (D:5)
  2 orc wizards (D:4)
  An iguana (D:6)
  4 worker ants
  8 adders
  An ooze (D:5)
  An adder zombie (D:5)
  5 worms
  3 dart slugs
  9 orcs
  5 giant cockroaches
  7 goblins
  6 hobgoblins
  7 jackals
  3 quokkas
  A ball python (D:1)
  5 bats
  6 frilled lizards
  7 kobolds
  A leopard gecko skeleton (D:6)
  2 quokka zombies
  8 rats
109 creatures vanquished.

Notes
Turn   | Place    | Note
-------+----------+-------------------------------------------
     0 | D:1      | Kandryn the Troll Berserker began the quest for the Orb.
     0 | D:1      | Reached XP level 1. HP: 22/22 MP: 0/0
    93 | D:1      | Reached skill level 3 in Maces & Flails
   131 | D:1      | Reached XP level 2. HP: 29/29 MP: 1/1
   886 | D:2      | Found a basalt altar of Yredelemnul.
   887 | D:2      | Found an ornate altar of the Wu Jian Council.
   887 | D:2      | Found a stormy altar of Qazlal.
   888 | D:2      | Found a bloodstained altar of Trog.
  1006 | D:2      | Reached XP level 3. HP: 30/36 MP: 2/2
  1510 | D:2      | Reached XP level 4. HP: 17/44 MP: 3/3
  1575 | D:3      | Reached ** piety under Trog
  1655 | D:3      | Found a white marble altar of Elyvilon.
  2018 | D:3      | Reached skill level 4 in Maces & Flails
  2283 | D:4      | Noticed an ogre
  2293 | D:4      | Killed an ogre
  2293 | D:4      | Reached XP level 5. HP: 52/52 MP: 4/4
  2312 | D:4      | Found a sacrificial altar of Ru.
  2358 | D:4      | Noticed an ogre
  2460 | D:4      | Killed an ogre
  2460 | D:4      | Reached XP level 6. HP: 5/61 MP: 5/5
  2803 | D:4      | Reached skill level 5 in Maces & Flails
  3208 | D:5      | Entered Level 5 of the Dungeon
  3320 | D:5      | Reached XP level 7. HP: 55/68 MP: 6/6
  3663 | D:5      | Reached *** piety under Trog
  3776 | D:5      | Found a sparkling altar of Nemelex Xobeh.
  3818 | D:5      | Reached skill level 6 in Maces & Flails
  4165 | D:6      | Reached XP level 8. HP: 38/79 MP: 7/7
  4185 | D:6      | Reached skill level 5 in Dodging
  4617 | D:6      | Killed from afar by an electric eel

Skill      XL: |  1  2  3  4  5  6  7  8 |
---------------+-------------------------+-----
Maces & Flails | 3 4 5 6 |  6.6
Dodging        | 3 4 5 |  5.1
Fighting       | 3 4 |  4.8
Stealth        | |  0.7

Action                   |  1- 3 |  4- 6 |  7- 9 || total
-------------------------+-------+-------+-------++-------
Melee: Mace              |   145 |   175 |   208 ||   528
Invok: Berserk           |       |     1 |     4 ||     5
Evoke: Wand              |       |       |     1 ||     1
  Use: Scroll            |     2 |     7 |     4 ||    13
       Potion            |       |     6 |     1 ||     7
 Stab: Sleeping          |     1 |       |       ||     1
  Eat: Chunk             |    19 |    16 |    19 ||    54
Armor: Animal skin       |    78 |    69 |    61 ||   208
Dodge: Dodged            |   100 |    80 |   135 ||   315
